 Dungeon Crawl Stone Soup version 0.31.0-9-g3a7656b989 (webtiles) character file.

Game seed: 4348542148653620461

126912 attakcplan the Severer (level 16, 0/152 HPs)
             Began as a Hill Orc Fighter on Jan 27, 2024.
             Was the Champion of Okawaru.
             Killed from afar by a deep elf zephyrmancer (31 damage)
             ... with a bolt of lightning
             ... on level 1 of the Elven Halls.
             The game lasted 01:20:14 (25496 turns).

attakcplan the Severer (Hill Orc Fighter)          Turns: 25496, Time: 01:20:14

Health: 0/152      AC: 25    Str: 27    XL:     16   Next: 99%
Magic:  26/26      EV:  8    Int:  8    God:    Okawaru [******]
Gold:   1187       SH: 17    Dex: 10    Spells: 15/15 levels left

rFire   + . .        Q - +6 broad axe (vamp)
rCold   + + +        U - +0 kite shield
rNeg    . . .        y - +0 plate armour {rC+}
rPois   .            b - +2 helmet {SInv}
rElec   .            V - scarf {rC+ rF+}
rCorr   .            P - +2 pair of gloves
SInv    +            J - +0 pair of boots
Will    +....        n - amulet of reflection Stlth
                     h - ring of see invisible
HPRegen 0.45/turn    d - ring of protection from cold
MPRegen 0.20/turn

%: reflection
@: fragile (+50% incoming damage)
A: no striking features
a: Renounce Religion, Heroism, Finesse, Duel, Receive Weapon, Receive Armour


You were on level 1 of the Elven Halls.
You worshipped Okawaru.
Okawaru was exalted by your worship.
You visited 6 branches of the dungeon, and saw 24 of its levels.
You also visited: Ossuary and Ice Cave.

You collected 2640 gold pieces.
You spent 1453 gold pieces at shops.

Inventory:

Hand Weapons
 Q - a +6 vampiric broad axe (weapon)
 Y - a +4 war axe of venom
Missiles
 K - a throwing net (quivered)
Armour
 a - a +2 chain mail of fire resistance
 b - a +2 helmet of see invisible (worn)
 y - a +0 plate armour of cold resistance (worn)
 E - a +0 tower shield
 J - a +0 pair of boots (worn)
 P - a +2 pair of gloves (worn)
 T - a +2 cloak
 U - a +0 kite shield (worn)
 V - a scarf of resistance (worn)
Jewellery
 c - a ring of fire
 d - a ring of protection from cold (right hand)
 h - a ring of see invisible (left hand)
 n - an amulet of reflection (around neck)
 G - a ring of resist corrosion
 H - an amulet of regeneration
 O - a ring of positive energy
Wands
 A - a wand of flame (26)
 I - a wand of polymorph (19)
 R - a wand of iceblast (12)
 W - a wand of light (9)
 Z - a wand of mindburst (4)
Scrolls
 f - 5 scrolls of revelation
 o - 12 scrolls of teleportation
 p - a scroll of vulnerability
 q - 4 scrolls of enchant armour
 s - 3 scrolls of silence
 v - 3 scrolls of poison
 w - 6 scrolls of fog
 x - 2 scrolls of torment
 z - 4 scrolls of blinking
 B - 4 scrolls of amnesia
 F - 3 scrolls of immolation
 L - a scroll of fear
 N - 3 scrolls of acquirement
Potions
 e - 7 potions of mutation
 g - 5 potions of invisibility
 i - a potion of attraction
 j - 8 potions of curing
 k - 2 potions of haste
 l - 2 potions of magic
 m - 4 potions of enlightenment
 r - 2 potions of berserk rage
 t - 2 potions of cancellation
 u - a potion of might
 C - 2 potions of heal wounds
 D - 4 potions of ambrosia
 M - 3 potions of lignification
 S - 6 potions of brilliance
 X - a potion of resistance


   Skills:
 + Level 16.3 Fighting
 + Level 20.8 Axes
 + Level 15.1 Armour
 + Level 3.4 Dodging
 - Level 1.0 Stealth
 + Level 14.1 Shields
 + Level 0.9 Unarmed Combat
 * Level 14.0 Invocations
 - Level 1.2 Evocations


You had 15 spell levels left.
You didn't know any spells.
Your spell library contained the following spells:

 Spells                   Type           Power      Damage    Failure   Level
 Apportation              Tloc           0%         N/A       99%         1
 Magic Dart               Conj           0%         1d3       99%         1
 Necrotise                Necr           0%         1d4       99%         1
 Blink                    Tloc           0%         N/A       99%         2
 Jinxbite                 Hex            0%         N/A       99%         2
 Lesser Beckoning         Tloc           0%         N/A       99%         2
 Momentum Strike          Conj/Tloc      0%         3d8       99%         2
 Static Discharge         Conj/Air       0%         3-3/arc   99%         2
 Sublimation of Blood     Necr           0%         N/A       99%         2
 Inner Flame              Hex/Fire       0%         N/A       100%        3
 Sigil of Binding         Hex            0%         N/A       100%        3
 Stone Arrow              Conj/Erth      0%         3d7       100%        3
 Vampiric Draining        Necr           0%         2d6       100%        3
 Airstrike                Air            0%         2d(0-16)  100%        4
 Dimensional Bullseye     Hex/Tloc       0%         N/A       100%        4
 Flame Wave               Conj/Fire      0%         2d4       100%        4
 Sticky Flame             Fire/Alch      0%         2d4       100%        4
 Vhi's Electric Charge    Tloc/Air       0%         N/A       100%        4
 Alistair's Intoxication  Alch           0%         N/A       100%        5
 Arcjolt                  Conj/Air       0%         1d10      100%        5
 Curse of Agony           Necr           0%         N/A       100%        5
 Freezing Cloud           Conj/Ice/Air   0%         6-21      100%        5
 Metabolic Englaciation   Hex/Ice        0%         N/A       100%        5
 Plasma Beam              Fire/Air       0%         2x1d10    100%        6
 Lehudib's Crystal Spear  Conj/Erth      0%         10d2      100%        8
 Maxwell's Capacitive Co  Air            0%         ∞         100%        8
 Summon Small Mammal      Summ           Unusable   N/A       N/A         1
 Call Imp                 Summ           Unusable   N/A       N/A         2
 Call Canine Familiar     Summ           Unusable   N/A       N/A         3
 Summon Ice Beast         Ice/Summ       Unusable   N/A       N/A         3
 Animate Armour           Summ/Erth      Unusable   N/A       N/A         4
 Martyr's Knell           Necr/Summ      Unusable   N/A       N/A         4
 Summon Blazeheart Golem  Fire/Summ      Unusable   N/A       N/A         4
 Summon Lightning Spire   Summ/Air       Unusable   N/A       N/A         4
 Summon Forest            Summ/Tloc      Unusable   N/A       N/A         5
 Summon Mana Viper        Hex/Summ       Unusable   N/A       N/A         5
 Sculpt Simulacrum        Ice/Alch       Unusable   N/A       N/A         6
 Summon Cactus Giant      Summ           Unusable   N/A       N/A         6
 Monstrous Menagerie      Summ           Unusable   N/A       N/A         7
 Summon Hydra             Summ           Unusable   N/A       N/A         7

Dungeon Overview and Level Annotations

Branches:
Dungeon (14/15)            Temple (1/1) D:7            Lair (5/5) D:8
  Swamp (0/4) Lair:3       Spider (1/4) Lair:2        Slime (0/5) Lair:4
    Orc (2/2) D:11            Elf (1/3) Orc:2        Vaults (0/5) D:14
Ossuary (visited)           IceCv (visited)

Altars:
Ashenzari
Cheibriados
Dithmenos
Elyvilon
Fedhas
Gozag
Hepliaklqana
Kikubaaqudgha
Makhleb
Nemelex Xobeh
Okawaru
Qazlal
Ru
Sif Muna
Trog
Uskayaw
Vehumet
Wu Jian
Xom
Yredelemnul
Zin
The Shining One
Beogh
Jiyva
Lugonu

Shops:
D:7 ?   D:10 =   D:11 =   Orc:1 (   Orc:2 [*=?([

Portals:
Abyss: Lair:5

Annotations:
D:3 1 runed translucent door


Message History

The arcanist gestures at you while chanting.
The bolt of cold misses you.
There is a large open door here.
You slice the deep elf zephyrmancer!!
You feel better.
You kill the deep elf zephyrmancer!
Okawaru accepts your kill.
The arcanist says, "Argatax netranoch dertex."
The arcanist gestures at you while chanting.
Your body becomes as fragile as glass!
The arcanist hits you with a +0 dagger.
You slash the arcanist!
You feel better.
The arcanist is moderately wounded.
You block the arcanist's attack.
You closely miss the arcanist.
The arcanist is moderately wounded.
You slash the arcanist!
The arcanist is severely wounded.
A deep elf zephyrmancer comes into view.
It is wielding a +0 long sword.
The arcanist gestures at you while chanting.
The lance of force hits you!!
You are knocked back by the lance of force.
You slam into the rock wall!
Unknown command.
Unknown command.
Unknown command.
The deep elf zephyrmancer gestures at you while chanting.
The bolt of lightning hits you! The bolt of lightning hits you!!
* * * LOW HITPOINT WARNING * * *
You closely miss the arcanist.
The arcanist is severely wounded.
The arcanist casts a spell.
The arcanist seems to speed up.
You slash the arcanist!
You kill the arcanist!
Okawaru accepts your kill.
Things that are here:
a +0 dagger; a +0 robe The deep elf zephyrmancer points at you and mumbles some strange words.
The bolt of lightning hits you!!
You die...

......## .......######
##### ........'...#
####.....
........##..#####........
........##......(....#
........##..#####..###
#.......##..# ###''##
.....#####..# #....)##
......# #..# #.@.e..#.
......# #..###..........
.)....####)..#...........
......')))...)............
)....######..###..........
....## #..# .##........
#).## #..# . ##..... #.##
#..# . ##.. #.## #..#


You could see a deep elf zephyrmancer.

Vanquished Creatures
  Gastronok (Lair:2)
  A deep elf sorcerer (Elf:1)
  The ghost of mn3067 the Brawler, a journeyman TrFi of Hepliaklqana (D:14)
  A ghost moth (Lair:2)
  An orc warlord (Arena)
  An ironbound thunderhulk (D:14)
  Nessos (Lair:5)
  An eleionoma (Lair:3)
  A war gargoyle (D:13)
  Snorg (Lair:4)
  2 ettins
  2 entropy weavers (Lair:4)
  7 hydras
  2 vault guards (D:14)
  2 ghost crabs (Lair:4)
  4 boulder beetles
  2 ironbound frosthearts
  4 centaur warriors
  10 death yaks
  7 two-headed ogres
  3 thrashing horrors (Lair:5)
  A tengu warrior (D:10)
  Sonja (D:11)
  Urug (D:11)
  2 deep elf knights (Elf:1)
  A pharaoh ant (Lair:2)
  A skyshark (Lair:5)
  5 fire crabs (Lair:4)
  Amaemon (Lair:1)
  2 large abominations (Lair:5)
  An arcanist (Elf:1)
  A deep elf archer (Elf:1)
  3 orc knights
  3 deep elf pyromancers (Elf:1)
  5 deep elf zephyrmancers (Elf:1)
  14 ugly things
  6 cyclopes
  An orc sorcerer (Orc:1)
  6 manticores
  Maurice (D:7)
  4 kobold blastminers
  An apocalypse crab (Lair:4)
  A meliai (D:8)
  25 elephants
  11 slime creatures
  4 smoke demons (Lair:5)
  An ice statue (IceCv)
  4 black mambas
  A gargoyle (D:14)
  An orange demon (Lair:1)
  Maggie (D:10)
  10 cane toads
  Jeremiah (D:8)
  9 komodo dragons
  2 kobold demonologists
  2 efreet
  A rime drake (Lair:1)
  2 freezing wraiths
  A tengu conjurer (D:10)
  Psyche (D:11)
  8 trolls
  2 raiju (Lair:5)
  7 polar bears (IceCv)
  Prince Ribbit (D:5)
  A queen bee (shapeshifter) (D:14)
  7 dream sheep (Lair:3)
  3 hornets
  5 tarantellas (Spider:1)
  24 blink frogs
  7 wraiths
  The ghost of Melody the Ruffian, an amateur TrFi (D:3)
  A culicivora (shapeshifter) (Lair:5)
  2 spriggans (Lair:5)
  3 wyverns
  81 yaks
  2 ynoxinuls (Lair:5)
  A water elemental (Elf:1)
  A yak (shapeshifter) (D:13)
  2 wargs (Orc:1)
  A fire elemental (Elf:1)
  4 steam dragons
  5 basilisks
  An unseen horror simulacrum (D:10)
  2 vampire mosquitoes
  5 redbacks
  11 water moccasins
  4 acid dragons
  3 ice beasts
  43 orc warriors
  9 small abominations (Lair:5)
  6 sky beasts
  4 black bears
  8 ogres
  22 centaurs
  4 boggarts (D:14)
  24 wolves
  2 phantoms
  4 kobold brigands
  Blork the orc (D:4)
  An elf zombie (Ossuary)
  An earth elemental (Elf:1)
  18 bullfrogs
  2 gnoll sergeants (D:8)
  2 scorpions (D:6)
  5 wights
  A killer bee (D:8)
  4 electric eels (Lair:1)
  6 howler monkeys
  2 centaur zombies (Ossuary)
  4 hounds
  A bombardier beetle (D:5)
  A gnoll bouda (D:8)
  2 human zombies (Ossuary)
  15 orc priests
  Crazy Yiuf (D:5)
  6 iguanas
  6 hell rats
  20 orc wizards
  2 hound zombies (Ossuary)
  3 mummies
  4 gnolls
  5 adders
  2 shadow imps
  13 white imps
  A howler monkey simulacrum (D:8)
  2 ufetubi (D:6)
  7 adder zombies (Ossuary)
  A dart slug (D:5)
  80 orcs
  4 endoplasms
  2 giant cockroaches (D:3)
  4 gnoll zombies (Ossuary)
  5 goblins
  9 hobgoblins
  2 jackals (D:5)
  A quokka (D:4)
  5 ball pythons
  6 bats
  10 frilled lizards
  3 jackal zombies (Ossuary)
  18 kobolds
  4 kobold zombies (Ossuary)
  12 orc zombies (Ossuary)
  5 rats
824 creatures vanquished.

Vanquished Creatures (others)
  A deep elf knight (Elf:1)
1 creature vanquished.

Grand Total: 825 creatures vanquished

Notes
Turn   | Place    | Note
-------+----------+-------------------------------------------
     0 | D:1      | attakcplan the Hill Orc Fighter began the quest for the
                  | Orb.
     0 | D:1      | Reached XP level 1. HP: 19/19 MP: 1/1
   176 | D:1      | Reached XP level 2. HP: 23/27 MP: 2/2
   191 | D:1      | Reached skill level 3 in Axes
   681 | D:2      | Reached XP level 3. HP: 31/32 MP: 3/3
  1166 | D:3      | Noticed a black bear
  1180 | D:3      | Killed a black bear
  1181 | D:3      | Reached skill level 4 in Axes
  1181 | D:3      | Reached XP level 4. HP: 17/40 MP: 4/4
  1181 | D:3      | Reached XP level 5. HP: 20/46 MP: 5/5
  1579 | D:3      | Reached skill level 5 in Axes
  1672 | D:3      | Reached XP level 6. HP: 48/53 MP: 6/6
  1763 | D:3      | Found a runed translucent door.
  2009 | D:3      | Found a runed translucent door.
  2014 | D:3      | Noticed Melody's ghost (amateur TrFi)
  2414 | D:4      | Noticed Blork the orc
  2423 | D:4      | Killed Blork the orc
  2628 | D:4      | Reached skill level 1 in Dodging
  3022 | D:5      | Entered Level 5 of the Dungeon
  3044 | D:5      | Reached skill level 5 in Armour
  3072 | D:5      | Reached skill level 6 in Axes
  3173 | D:5      | Found a sand-covered staircase.
  3263 | Ossuary  | Entered an ossuary
  3323 | Ossuary  | Reached XP level 7. HP: 37/60 MP: 7/7
  3466 | Ossuary  | Reached skill level 5 in Fighting
  3537 | Ossuary  | Reached skill level 7 in Axes
  4068 | D:5      | Reached XP level 8. HP: 70/70 MP: 8/8
  4078 | D:5      | Reached skill level 8 in Axes
  4269 | D:5      | Reached skill level 9 in Axes
  4330 | D:5      | Found a runed translucent door.
  4331 | D:5      | Noticed Crazy Yiuf
  4590 | D:5      | Noticed Prince Ribbit
  4605 | D:5      | Killed Prince Ribbit
  4606 | D:5      | Reached skill level 10 in Axes
  4791 | D:6      | Reached XP level 9. HP: 78/78 MP: 9/9
  5272 | D:6      | Reached skill level 5 in Shields
  5480 | D:6      | Reached skill level 11 in Axes
  5888 | D:7      | Found an opulent altar of Gozag.
  6078 | D:7      | Found Emer's Magic Scroll Shoppe.
  6086 | D:7      | Noticed a hornet
  6106 | D:6      | Reached skill level 1 in Stealth
  6235 | D:7      | Reached skill level 12 in Axes
  6261 | D:7      | Reached XP level 10. HP: 80/86 MP: 10/10
  6330 | D:7      | Found a staircase to the Ecumenical Temple.
  6383 | Temple   | Entered the Ecumenical Temple
  6402 | Temple   | Became a worshipper of Warmaster Okawaru
  6450 | D:7      | Bought a scroll of identify for 22 gold pieces
  6450 | D:7      | Bought a scroll of fear for 44 gold pieces
  6450 | D:7      | Bought a scroll of identify for 22 gold pieces
  6619 | D:7      | Noticed Maurice
  6633 | D:7      | Killed Maurice
  6720 | D:7      | Identified 3 scrolls of acquirement
  6722 | D:7      | Acquired 233 gold pieces
  6814 | D:8      | Reached * piety under Okawaru
  6815 | D:8      | Reached skill level 13 in Axes
  6909 | D:8      | Noticed Jeremiah
  6988 | D:8      | Killed Jeremiah
  7088 | D:8      | Reached skill level 14 in Axes
  7095 | D:8      | Noticed a two-headed ogre
  7362 | D:8      | Reached ** piety under Okawaru
  7432 | D:8      | Paralysed by a hornet for 2 turns
  7453 | D:8      | Reached XP level 11. HP: 35/95 MP: 8/11
  7516 | D:8      | Killed a two-headed ogre
  7706 | D:8      | Reached *** piety under Okawaru
  7707 | D:8      | Reached skill level 1 in Invocations
  7809 | D:8      | Found a staircase to the Lair.
  7964 | D:9      | Reached skill level 15 in Axes
  8178 | D:9      | Found a glowing golden altar of the Shining One.
  8484 | D:10     | Entered Level 10 of the Dungeon
  8846 | D:3      | Killed Melody's ghost
  8921 | D:5      | Killed Crazy Yiuf
  9019 | Lair:1   | Entered Level 1 of the Lair of Beasts
  9077 | Lair:1   | Reached **** piety under Okawaru
  9081 | Lair:1   | Reached skill level 10 in Armour
  9144 | Lair:1   | Reached skill level 16 in Axes
  9344 | Lair:1   | Reached ***** piety under Okawaru
  9391 | Lair:1   | Noticed a four-headed hydra
  9480 | D:10     | Noticed a two-headed ogre
  9493 | D:10     | Killed a two-headed ogre
  9494 | D:10     | Reached XP level 12. HP: 74/106 MP: 10/12
  9549 | D:10     | Reached skill level 10 in Fighting
  9599 | D:10     | Noticed a five-headed hydra
  9609 | D:11     | Found Efobi's Jewellery Emporium.
  9768 | D:10     | Noticed Maggie
  9798 | D:10     | Noticed an eight-headed hydra
  9806 | D:10     | Noticed a centaur warrior
  9807 | D:10     | Noticed a centaur warrior
  9810 | D:10     | Noticed a centaur warrior
  9815 | D:10     | Noticed a tengu warrior
  9825 | D:10     | Received a gift from Okawaru
  9826 | D:10     | Reached skill level 17 in Axes
  9831 | D:10     | Killed a tengu warrior
  9840 | D:10     | Killed a centaur warrior
  9863 | D:10     | Killed a centaur warrior
  9872 | D:10     | Killed a centaur warrior
  9956 | D:10     | Killed an eight-headed hydra
 10118 | D:10     | Killed Maggie
 10148 | D:10     | Killed a ten-headed hydra
 10201 | D:10     | Found Qiragh's Jewellery Shop.
 10235 | D:10     | Reached skill level 1 in Evocations
 10274 | D:10     | Noticed a two-headed ogre
 10284 | D:10     | Killed a two-headed ogre
 10285 | D:10     | Reached skill level 5 in Invocations
 10647 | D:11     | Noticed Sonja
 10665 | D:11     | Killed Sonja
 10665 | D:11     | Received a gift from Okawaru
 10666 | D:11     | Reached XP level 13. HP: 87/116 MP: 8/16
 10875 | D:11     | Noticed Urug
 10888 | D:11     | Killed Urug
 11161 | D:11     | Noticed Psyche
 11171 | D:11     | Killed Psyche
 11298 | D:11     | You fall into a shaft and drop 2 floors!
 11511 | D:13     | Noticed an ettin
 11532 | D:13     | Killed an ettin
 11897 | D:13     | Noticed a war gargoyle
 11935 | D:13     | Killed a war gargoyle
 12059 | D:13     | Received a gift from Okawaru
 12245 | D:13     | Reached skill level 18 in Axes
 12269 | D:12     | Identified the +6 short sword of Zuwehuog {elec, Dex+2}
 12335 | D:12     | Found an iron altar of Okawaru.
 12503 | D:11     | Found a staircase to the Orcish Mines.
 12515 | Orc:1    | Entered Level 1 of the Orcish Mines
 12592 | Orc:1    | Noticed an orc warlord
 12595 | Orc:1    | Found Poojuut's Antique Weapon Shoppe.
 12596 | Arena    | Entered the Arena
 12620 | Arena    | Killed an orc warlord
 13312 | Lair:1   | Noticed Amaemon
 13317 | Lair:1   | Reached skill level 10 in Shields
 13325 | Lair:1   | Reached XP level 14. HP: 115/127 MP: 20/20
 13329 | Lair:1   | Killed Amaemon
 14610 | Lair:2   | Found the +8 trident of the Octopus King {venom, rElec
                  | rPois}
 14639 | Lair:2   | Found a hole to the Spider Nest.
 14784 | Lair:2   | Noticed Gastronok
 14808 | Lair:2   | Killed Gastronok
 15068 | Lair:2   | Received a gift from Okawaru
 15558 | Arena    | Entered the Arena
 15698 | Lair:3   | Found a staircase to the Swamp.
 15698 | Lair:3   | Noticed an eleionoma
 15715 | Lair:3   | Killed an eleionoma
 15978 | Lair:3   | Reached skill level 10 in Invocations
 16452 | Lair:4   | Found a runed translucent door.
 16485 | Lair:4   | Reached skill level 19 in Axes
 16503 | Lair:4   | Received a gift from Okawaru
 16603 | Lair:4   | Reached XP level 15. HP: 138/138 MP: 23/23
 16627 | Lair:4   | Noticed Snorg
 16647 | Lair:4   | Killed Snorg
 16933 | Lair:4   | Found a staircase to the Slime Pits.
 16933 | Lair:4   | Found a viscous altar of Jiyva.
 18171 | Lair:5   | Entered Level 5 of the Lair of Beasts
 18355 | Lair:5   | Found a frozen archway.
 18359 | Lair:5   | Received a gift from Okawaru
 18395 | IceCv    | Entered an ice cave
 18777 | Arena    | Entered the Arena
 18942 | IceCv    | Got the Codex of Freezing
 19061 | Lair:5   | Reached skill level 15 in Fighting
 19250 | Lair:5   | Received a gift from Okawaru
 19251 | Lair:5   | Reached skill level 20 in Axes
 19435 | Lair:5   | Reached XP level 16. HP: 105/149 MP: 17/25
 19735 | Lair:5   | Found a corrupted altar of Lugonu.
 19735 | Lair:5   | Found a one-way gate to the infinite horrors of the Abyss.
 19863 | Lair:5   | Noticed Nessos
 19871 | Lair:5   | Killed Nessos
 20633 | Orc:2    | Entered Level 2 of the Orcish Mines
 20699 | Orc:2    | Found Egroomog's Antique Armour Shop.
 20702 | Orc:2    | Bought a crude plate armour for 728 gold pieces
 20702 | Orc:2    | Identified the +0 plate armour "Sablilol" {Dex+2} (You
                  | bought it in a shop on level 2 of the Orcish Mines)
 20786 | Orc:2    | Found a staircase to the Elven Halls.
 20999 | Orc:2    | Found Isitsin's Armour Shop.
 21034 | Orc:2    | Found a roughly hewn altar of Beogh.
 21366 | Orc:2    | Found Icroerie's Magic Scroll Boutique.
 21366 | Orc:2    | Found Epevun's Jewellery Shoppe.
 21368 | Orc:2    | Found Inicauk's General Store.
 21370 | Orc:2    | Found Linlat's Antique Weapon Shop.
 21378 | Orc:2    | Bought a scroll of blinking for 112 gold pieces
 21378 | Orc:2    | Bought a scroll of teleportation for 45 gold pieces
 21383 | Orc:2    | Bought an amulet of reflection for 480 gold pieces
 23294 | D:14     | Found a runed translucent door.
 23297 | D:14     | Noticed mn3067's ghost (journeyman TrFi)
 23672 | D:14     | Found a gate to the Vaults.
 24055 | D:14     | Killed mn3067's ghost
 24055 | D:14     | Received a gift from Okawaru
 24495 | Spider:1 | Entered Level 1 of the Spider Nest
 25116 | Elf:1    | Entered Level 1 of the Elven Halls
 25205 | Elf:1    | Reached skill level 15 in Armour
 25432 | Elf:1    | Reached ****** piety under Okawaru
 25483 | Elf:1    | Received a gift from Okawaru
 25496 | Elf:1    | Killed from afar by a deep elf zephyrmancer

Illustrated notes

Levels and vault maps discovered:
D:1:      dpeg_arrival_circle_labyrinth_a, layout_basic, serial_glass,
          glass_columns_a, glass_columns_a
D:2:      layout_rooms, minmay_lizard_pond
D:3:      layout_basic, ebering_ghost_sewer_f, amcnicky_mini_pool_small
D:4:      layout_basic, mrwooster_statue_mirror,
          serial_library_hellmonk_secret_room, uniq_blork_the_orc
D:5:      layout_loops_ring, gup_ossuary_entry_pyramid, minmay_quadrilaterals,
          uniq_prince_ribbit1, uniq_crazy_yiuf_cottage
D:6:      layout_basic
D:7:      layout_cave_pools, nicolae_gozag_cash_rules_everything_around_me,
          temple_doors_cd, serial_shops, nicolae_square_shop, st_stairs_1,
          uniq_maurice
D:8:      nzn_winding_woodlands_medium [nzn_winding_woodlands_5x5_three,
          nzn_winding_woodlands_5x15_crooked, nzn_winding_woodlands_5x5_cross,
          nzn_winding_woodlands_5x5_checkerboard,
          nzn_winding_woodlands_center_lodge,
          nzn_winding_woodlands_5x5_perimeter,
          nzn_winding_woodlands_5x5_default,
          nzn_winding_woodlands_5x15_pathside_ponds,
          nzn_winding_woodlands_5x5_closed_star], layout_rooms,
          lair_entry_dummy, hangedman_misty_isle, uniq_jeremiah
D:9:      layout_roguey, mainiacjoe_overflow_alcove_2
D:10:     minmay_the_grid_four_pointed_star
          [minmay_the_grid_triangle_9x9_intruding_spiral,
          minmay_the_grid_triangle_9x9_shrine,
          minmay_the_grid_triangle_9x9_descending_squares,
          minmay_the_grid_triangle_9x9_flanged_cone,
          minmay_the_grid_prize_four_corners], layout_basic, serial_shops,
          nicolae_shop_gaudy_bauble, uniq_maggie
D:11:     layout_small_grid, david_orc_4, serial_shops, nicolae_stop_n_shop_1,
          uniq_urug, uniq_sonja, uniq_psyche
D:12:     layout_gridville, okawaru_ov_weapons_minmay
D:13:     minmay_outward_triangles, layout_stronghold, grunt_ministairs_11
D:14:     layout_layer_cave, hellmonk_vaults_keyhole, kennysheep_small_spiral,
          ebering_ghost_inner_flame
Temple:   nicolae_temple_bog_church
Lair:1:   layout_loops_ring, disabler_island, grunt_megastairs_1,
          serial_bayou_shore_a, uniq_amaemon
Lair:2:   layout_cellular_growth, spider_nest_entry_webs,
          chequers_serial_rivers_small_a, lemuel_fruit_tree, grunt_megastairs_3,
          uniq_gastronok
Lair:3:   layout_roguey, alex1729_swamp_entry_worm_eleionoma, kennysheep_rathole
Lair:4:   gammafunk_mikee_crab_dinner, layout_cave_pods, slime_entry_1,
          infiniplex_staircase_pool_2, grunt_megastairs_5, uniq_snorg
Lair:5:   hellmonk_lair_end_abyssal_woods, layout_cave_pods,
          portal_ice_cave_entry_imps, uniq_nessos
Spider:1: layout_cave_pods
Orc:1:    layout_caves, serial_shops, nicolae_shop_hallway_stairs
Orc:2:    st_orc_rangers, layout_diamond_mine, basic_altar, serial_shops,
          nicolae_shop_behind_doors, shop
Elf:1:    eino_elf_arrival_shootout, layout_gridlike, basic_altar,
          hangedman_elf_disciples, elves_outpost_lemuel

Skill      XL: |  1  2  3  4  5  6  7  8  9 10 11 12 13 14 15 16 |
---------------+-------------------------------------------------+-----
Axes           | 3 4 5 6 7 10 12 14 16 17 18 19 20 | 20.8
Armour         | 4 5 6 8 9 10 11 12 13 14 15 | 15.1
Fighting       | 4 5 6 7 8 9 11 12 14 15 16 | 16.3
Shields        | 4 5 6 7 8 10 11 12 14 | 14.1
Dodging        | 1 2 3 |  3.4
Stealth        | 1 |  1.0
Invocations    | 1 5 8 10 12 14 | 14.0
Evocations     | 1 |  1.2
Unarmed Combat | |  0.9

Action                     |  1- 3 |  4- 6 |  7- 9 | 10-12 | 13-15 | 16-18 || total
---------------------------+-------+-------+-------+-------+-------+-------++-------
  Melee: War axe           |   106 |   141 |   348 |   668 |  1283 |   267 ||  2813
         Unarmed           |       |       |       |     8 |       |       ||     8
         Broad axe         |       |       |       |       |       |   281 ||   281
  Throw: Throwing net      |       |       |       |     1 |     1 |       ||     2
 Invoke: Heroism           |       |       |       |    10 |     9 |     1 ||    20
         Finesse           |       |       |       |     2 |    11 |     1 ||    14
         Duel              |       |       |       |       |     3 |       ||     3
  Evoke: Wand              |       |       |       |    13 |    49 |       ||    62
    Use: Potion            |     3 |       |       |     4 |     3 |       ||    10
         Scroll            |       |     7 |     3 |    10 |    12 |     6 ||    38
 Armour: Scale mail        |    93 |   105 |   158 |       |       |       ||   356
         Chain mail        |       |       |   123 |    43 |    93 |       ||   259
         Plate armour      |       |       |       |   543 |  1104 |   324 ||  1971
         Skin              |       |       |       |     1 |       |       ||     1
  Dodge: Dodged            |    60 |    56 |   165 |   181 |   359 |   139 ||   960
  Block: Buckler           |    32 |    24 |    96 |    57 |       |       ||   209
         Kite shield       |       |       |       |   167 |   722 |   412 ||  1301
         Reflection        |       |       |       |       |       |    33 ||    33
